 Dungeon Crawl Stone Soup version 0.18.1-6-gd335043 (webtiles) character file.

1591 mopl the Covert (level 8, 0/53 HPs)
             Began as a Vampire Transmuter on May 17, 2016.
             Slain by a giant frog (3 damage)
             ... on level 8 of the Dungeon.
             The game lasted 00:17:43 (9691 turns).

mopl the Covert (Vampire Transmuter)                Turns: 9691, Time: 00:17:44

Health: 0/53       AC:  5    Str: 14    XL:     8   Next: 61%
Magic:  10/11      EV: 16    Int: 20    God:
Gold:   162        SH: 13    Dex: 21    Spells: 2 memorised, 8 levels left

rFire  + . .     SeeInvis +     a - +1 dagger
rCold  + + .     Gourm    .     b - +0 robe
rNeg   + + +     Faith    .     w - +4 shield of Sif Muna's Hatred {+Inv Int+4}
rPois  ∞         Spirit   .     (no helmet)
rElec  .         Dismiss  .     t - +1 cloak (curse)
rCorr  .         Reflect  .     (no gloves)
SustAt .         Harm     .     j - +1 pair of boots
MR     .....                    (no amulet)
Stlth  ++++++++..               (no ring)
                                x - ring of protection from fire

@: mighty, agile, very slightly contaminated, bloodless, non-regenerating,
invisible, not resistant to hostile enchantments, extraordinarily stealthy
A: fangs 3, see invisible, deformed body, unbreathing
a: Bat Form, Turn Visible


You were on level 8 of the Dungeon.
You were bloodless.

You visited 2 branches of the dungeon, and saw 8 of its levels.

You collected 162 gold pieces.

Inventory:

Hand Weapons
 a - a +1 dagger (weapon)
 h - a +0 spear
Missiles
 k - 35 arrows
 o - 19 poisoned needles
Armour
 b - a +0 robe (worn)
 j - a +1 pair of boots (worn)
 t - a cursed +1 cloak (worn)
 w - the +4 shield of Sif Muna's Hatred (worn) {+Inv Int+4}
   (You found it on level 4 of the Dungeon)

   It affects your intelligence (+4).
   It lets you turn invisible.
Jewellery
 x - a ring of protection from fire (left hand)
Wands
 B - a wand of polymorph (10/24)
Scrolls
 p - a scroll of amnesia {unknown}
 q - 2 scrolls of remove curse
 s - 2 scrolls of recharging {unknown}
 u - a scroll of fog {unknown}
 y - a scroll of holy word {unknown}
Potions
 d - 4 potions of blood
 l - 3 potions of brilliance
 r - a potion of resistance
 v - a potion of cancellation
Books
 c - a book of Changes

   Spells                             Type                      Level
   a - Beastly Appendage              Transmutation                1
   b - Sticks to Snakes               Transmutation                2
   c - Spider Form                    Transmutation/Poison         3
   d - Ice Form                       Ice/Transmutation            4
   e - Blade Hands                    Transmutation                5


   Skills:
 - Level 0.8 Fighting
 + Level 4.8 Short Blades
 - Level 2.1 Dodging
 * Level 11.4 Stealth
 + Level 3.1 Shields
 - Level 3.2 Unarmed Combat
 - Level 2.0 Spellcasting
 - Level 2.1 Transmutations
 * Level 4.4 Evocations


You had 8 spell levels left.
You knew the following spells:

 Your Spells              Type           Power        Failure   Level  Hunger
a - Beastly Appendage     Trmt           ##....       34%         1    #......
w - Sticks to Snakes      Trmt           ##......     50%         2    ##.....


Dungeon Overview and Level Annotations

Branches:
Dungeon (6/15)             Temple (1/1) D:4

Altars:
Dithmenos
Elyvilon
Gozag
Makhleb
Okawaru
Qazlal
Ru
Trog
Vehumet
Xom
Yredelemnul
Zin
The Shining One

Annotations:
D:4 bb
D:5 Blork the orc, Menkaure


Innate Abilities, Weirdness & Mutations

You do not heal naturally.
You are immune to poison.
You have razor-sharp teeth.
You have supernaturally acute eyesight.
You can survive without breathing.
Armour fits poorly on your strangely shaped body.


Message History

You feel agile all of a sudden. You block the killer bee's attack.
You block the giant frog's attack. The giant frog barely misses you.
The killer bee barely misses you.
Drink which item? (? for menu, Esc to quit)
You feel very mighty all of a sudden. The killer bee completely misses you.
You block the giant frog's attack. The killer bee barely misses you.
You miss the killer bee.
The killer bee is heavily wounded.
You block the killer bee's attack. You block the giant frog's attack.
The killer bee barely misses you. The giant frog closely misses you.
Your body shudders with the violent release of wild energies!
Your body twists and deforms.
You feel less contaminated with magical energies.
You fade completely from view now that you are no longer glowing from magical contamination.
You catch the helpless killer bee completely off-guard!
You skewer the killer bee like a kebab!!!
You kill the killer bee!
The giant frog hits you.
You die...

#. ### .. ..############ #.
#.##.........#### # #.#
#.##@#######....# ### ..##
#.##F#######.######.. ..#
#............##..%..# #####.#
#...............####.
.##...?(####.#..##..#.###### #.
.........................######.
K.............#....#####......).
..............#....# #..#####.
S.........###......# ##.....#.


You could see a giant frog.

Vanquished Creatures
  A necrophage (D:8)
  An ogre (D:5)
  A big kobold (D:8)
  A giant frog (D:8)
  A water moccasin zombie (D:5)
  11 killer bees (D:8)
  3 wights (D:6)
  3 crimson imps
  A quasit (D:5)
  A hound (D:8)
  An orc priest (D:3)
  2 giant frog skeletons
  2 iguanas
  4 worker ants
  A hound skeleton (D:5)
  9 adders
  An ooze (D:4)
  2 adder skeletons (D:4)
  A worm (D:2)
  A dart slug (D:2)
  9 giant geckos
  10 orcs
  6 giant cockroaches
  8 hobgoblins
  2 jackals (D:2)
  5 kobolds
  3 quokkas
  4 ball pythons
  7 bats
  6 giant newts
  4 goblins
  A quokka skeleton (D:4)
  A quokka zombie (D:8)
  11 rats
  A fungus (D:1)
126 creatures vanquished.

Vanquished Creatures (collateral kills)
  A giant frog zombie (D:3)
  A worker ant (D:4)
  2 worms
  2 orcs (D:4)
6 creatures vanquished.

Grand Total: 132 creatures vanquished

Notes
Turn   | Place    | Note
--------------------------------------------------------------
     0 | D:1      | mopl the Vampire Transmuter began the quest for the Orb.
     0 | D:1      | Reached XP level 1. HP: 14/14 MP: 3/3
    31 | D:1      | Reached skill level 1 in Stealth
   112 | D:1      | Reached skill level 2 in Stealth
   166 | D:1      | Reached XP level 2. HP: 16/20 MP: 5/5
   169 | D:1      | Reached skill level 3 in Stealth
   186 | D:1      | Learned a level 2 spell: Sticks to Snakes
   495 | D:1      | Reached skill level 4 in Stealth
   683 | D:2      | Reached XP level 3. HP: 12/25 MP: 3/6
  1189 | D:2      | Reached skill level 1 in Short Blades
  1189 | D:2      | Reached skill level 5 in Stealth
  1436 | D:2      | Reached XP level 4. HP: 16/31 MP: 4/7
  1979 | D:3      | Reached skill level 6 in Stealth
  2395 | D:3      | Reached skill level 2 in Short Blades
  2395 | D:3      | Reached XP level 5. HP: 13/36 MP: 6/8
  2887 | D:3      | Reached skill level 7 in Stealth
  4728 | D:4      | Found an iron altar of Okawaru.
  4825 | D:4      | Found a staircase to the Ecumenical Temple.
  4845 | Temple   | Entered the Ecumenical Temple
  4895 | D:4      | Reached skill level 8 in Stealth
  4947 | D:4      | Reached skill level 3 in Short Blades
  4947 | D:4      | Reached XP level 6. HP: 28/42 MP: 9/9
  4970 | D:4      | Got a fine shield
  4981 | D:4      | Found a glowing silver altar of Zin.
  4982 | D:4      | Found an opulent altar of Gozag.
  5024 | D:4      | Identified the +4 shield of Sif Muna's Hatred {+Inv Int+4} (You found it on level 4 of the Dungeon)
  5940 | D:5      | Entered Level 5 of the Dungeon
  5955 | D:5      | Noticed Menkaure
  6434 | D:6      | Reached skill level 1 in Shields
  6434 | D:6      | Reached skill level 1 in Evocations
  6559 | D:5      | Reached skill level 9 in Stealth
  6559 | D:5      | Reached XP level 7. HP: 47/47 MP: 10/10
  6582 | D:5      | Reached skill level 2 in Evocations
  6655 | D:5      | Noticed Blork the orc
  7123 | D:6      | You fall through a shaft for 2 floors!
  7123 | D:8      | Found a white marble altar of Elyvilon.
  7207 | D:8      | Found a basalt altar of Yredelemnul.
  7420 | D:8      | Reached skill level 2 in Shields
  8003 | D:8      | Reached skill level 4 in Short Blades
  8003 | D:8      | Reached skill level 10 in Stealth
  8003 | D:8      | Reached skill level 3 in Evocations
  8176 | D:8      | Reached XP level 8. HP: 53/53 MP: 9/11
  8603 | D:8      | Reached skill level 11 in Stealth
  8648 | D:8      | Reached skill level 4 in Evocations
  8908 | D:8      | Reached skill level 3 in Shields
  9690 | D:8      | Gained mutation: Armour fits poorly on your strangely shaped body. [mutagenic glow]
  9691 | D:8      | Slain by a giant frog

Skill      XL: |  1  2  3  4  5  6  7  8 |
---------------+-------------------------+-----
Stealth        | 2 4 5 6 8 9 10 11 | 11.4
Short Blades   | 1 2 3 4 |  4.8
Shields        | 1 2 3 |  3.1
Evocations     | 1 3 4 |  4.4
Fighting       | |  0.8
Dodging        | |  2.1
Unarmed Combat | |  3.2
Spellcasting   | |  2.0
Transmutations | |  2.1

Action                   |  1- 3 |  4- 6 |  7- 9 || total
-------------------------+-------+-------+-------++-------
Melee: Unarmed           |    41 |       |       ||    41
       Bite              |     9 |    21 |     9 ||    39
       Punch             |     1 |     2 |       ||     3
       Spear             |    87 |   119 |       ||   206
       Dagger            |       |   139 |   168 ||   307
 Cast: Sticks to Snakes  |     6 |    12 |       ||    18
 Abil: Evoke Invisibilit |       |     5 |    17 ||    22
       Turn Visible      |       |       |     5 ||     5
  Use: Scroll            |     3 |     6 |     7 ||    16
       Potion            |     1 |     6 |    11 ||    18
 Stab: Sleeping          |    13 |    20 |    11 ||    44
       Distracted        |       |     1 |       ||     1
       Invisible         |       |     2 |    17 ||    19
Armor: Robe              |    20 |    42 |    18 ||    80
Dodge: Dodged            |    60 |   120 |    69 ||   249
Block: Shield            |       |    33 |   115 ||   148
